 Dungeon Crawl Stone Soup version 0.30.1-11-g7821555f0a (webtiles) character file.

Game seed: 1889494279162748831

238 Peloso the Slasher (level 5, -2/47 HPs)
             Began as a Minotaur Fighter on Dec 17, 2023.
             Slain by a gnoll
             ... wielding a +0 club
             ... led by a gnoll bouda
              (3 damage)
             ... on level 4 of the Dungeon.
             The game lasted 00:04:18 (2095 turns).

Peloso the Slasher (Minotaur Fighter)               Turns: 2095, Time: 00:04:19

Health: -2/47      AC: 12    Str: 21    XL:     5   Next: 78%
Magic:  4/4        EV:  3    Int:  5    God:
Gold:   201        SH:  5    Dex: 17    Spells: 4/4 levels left

rFire   . . .        a - +0 long sword
rCold   . . .        d - +0 buckler
rNeg    . . .        c - +0 plate armour
rPois   .            (helmet restricted)
rElec   .            (no cloak)
rCorr   .            (no gloves)
SInv    .            (no boots)
Will    .....        (no amulet) Stlth
                     e - +6 ring of dexterity
HPRegen 0.27/turn    (no ring)
MPRegen 0.09/turn

%: no passive effects
@: mighty, constricted
A: horns 2, retaliatory headbutt
a: no special abilities


You were on level 4 of the Dungeon.
You visited 2 branches of the dungeon, and saw 5 of its levels.

You collected 201 gold pieces.

Inventory:

Hand Weapons
 a - a +0 long sword (weapon)
Missiles
 h - a throwing net (quivered)
Armour
 b - a +0 scale mail
 c - a +0 plate armour (worn)
 d - a +0 buckler (worn)
Jewellery
 e - a +6 ring of dexterity (left hand)
 o - a ring of resist corrosion
Wands
 u - a wand of flame (15)
Scrolls
 j - a scroll of fog {unknown}
 k - a scroll of magic mapping {unknown}
 l - a scroll of teleportation {unknown}
 m - a scroll of identify
 n - a scroll of enchant armour {unknown}
 p - a scroll of butterflies {unknown}
 r - a scroll of amnesia {unknown}
 s - a scroll of silence {unknown}
 t - 3 scrolls of fear
 v - a scroll of vulnerability {unknown}
Potions
 f - a potion of magic
 q - a potion of resistance


   Skills:
 + Level 4.3 Fighting
 + Level 5.2 Long Blades
 + Level 4.9 Armour
 + Level 1.2 Dodging
 + Level 4.5 Shields


You had 4 spell levels left.
You didn't know any spells.
Your spell library contained the following spells:

 Spells                   Type           Power      Damage    Failure   Level
 Tukima's Dance           Hex            0%         N/A       100%        3
 Passage of Golubria      Tloc           0%         N/A       100%        4
 Yara's Violent Unravell  Hex/Tmut       0%         3d3       100%        5


Dungeon Overview and Level Annotations

Branches:
Dungeon (4/15)             Temple (1/1) D:4

Altars:
Dithmenos
Fedhas
Kikubaaqudgha
Qazlal
Ru
Trog
Uskayaw
Vehumet
Wu Jian
Zin


Innate Abilities, Weirdness & Mutations

You have a pair of horns on your head.
You reflexively headbutt those who attack you in melee.


Message History

The gnoll is almost dead.
The gnoll hits you but does no damage. You block the gnoll's attack.
The gnoll hits you but does no damage.
The gnoll hits you from afar with a +0 spear.
* * * LOW HITPOINT WARNING * * *
The gnoll bouda hits you but does no damage.
The gnoll hits you but does no damage. The gnoll barely misses you.
You feel better. The gnoll hits you but does no damage.
The gnoll barely misses you. You block the gnoll bouda's attack.
The gnoll hits you but does no damage. x2
Unknown command.
You slash the gnoll!
You kill the gnoll!
The gnoll hits you but does no damage.
The gnoll hits you from afar with a +0 spear.
* * * LOW HITPOINT WARNING * * *
The gnoll barely misses you. The gnoll hits you with a +0 club.
* * * LOW HITPOINT WARNING * * *
There is a staircase to the Ecumenical Temple, spattered with blood here.
You see here a +0 club.
You barely miss the gnoll bouda. You block the gnoll's attack.
You block the gnoll bouda's attack. The gnoll hits you with a +0 club.
* * * LOW HITPOINT WARNING * * *
The gnoll barely misses you.
Unknown command.
You slash the gnoll!
You kill the gnoll!
You block the gnoll bouda's attack. The gnoll barely misses you.
Unknown command.
You hit the gnoll bouda.
The gnoll bouda is moderately wounded.
You block the ball python's attack. The ball python grabs you.
The ball python constricts you.
The gnoll bouda hits you but does no damage.
The gnoll hits you but does no damage. x2; You block the ball python's attack.
The ball python constricts you.
* * * LOW HITPOINT WARNING * * *
The gnoll hits you with a +0 club.
You die...

#...........#
#....#.#.#<##.
#####.........
#####.#.#.##.
#..........#
#..........#
#...#888#..#
#...8gS.8..#
#.....g@8..#
#...8.gg8..#
#...#888#..#
###
##..........#
..#
#...........#
####.#
#...........#
...#.#
#...........#
.#.#.#
#.#.....#####
.#.#.#
#†....###


You could see a gnoll bouda, 3 gnolls and a ball python.

Vanquished Creatures
  A phantom (D:3)
  Ijyb (D:3)
  6 gnolls
  2 adders
  3 worms (D:2)
  2 dart slugs (D:1)
  7 ball pythons
  3 endoplasms
  3 giant cockroaches
  2 goblins (D:2)
  A hobgoblin (D:1)
  4 jackals (D:1)
  6 kobolds
  A quokka (D:1)
  6 bats
  2 frilled lizards (D:1)
  11 rats
61 creatures vanquished.

Notes
Turn   | Place    | Note
-------+----------+-------------------------------------------
     0 | D:1      | Peloso the Minotaur Fighter began the quest for the Orb.
     0 | D:1      | Reached XP level 1. HP: 19/19 MP: 0/0
   168 | D:1      | Reached XP level 2. HP: 27/27 MP: 1/1
   538 | D:1      | Reached XP level 3. HP: 27/33 MP: 2/2
   771 | D:2      | Reached skill level 3 in Long Blades
   784 | D:2      | Reached skill level 1 in Dodging
   784 | D:2      | Reached XP level 4. HP: 20/40 MP: 3/3
  1373 | D:3      | Noticed a phantom
  1393 | D:3      | Killed a phantom
  1394 | D:3      | Reached skill level 4 in Long Blades
  1394 | D:3      | Reached XP level 5. HP: 41/47 MP: 4/4
  1620 | D:3      | Noticed Ijyb
  1631 | D:3      | Killed Ijyb
  1857 | D:4      | Found a bloodstained altar of Trog.
  1920 | D:4      | Reached skill level 5 in Long Blades
  1921 | D:4      | Found a staircase to the Ecumenical Temple.
  1957 | Temple   | Entered the Ecumenical Temple
  2088 | D:4      | HP: 2/47 [gnoll/+0 spear[a gnoll bouda] (5)]
  2093 | D:4      | HP: 2/47 [gnoll/+0 club[a gnoll bouda] (3)]
  2095 | D:4      | Slain by a gnoll

Illustrated notes

Levels and vault maps discovered:
D:1:      lemuel_arrival_lava_pool, layout_basic
D:2:      layout_loops_cross, st_stairs_5
D:3:      kennysheep_big_flooded_room, layout_rooms, uniq_ijyb
D:4:      layout_basic, mainiacjoe_overflow_alcove_1,
          mainiacjoe_overflow_six_doors_small, minmay_temple_entry_statues,
          serial_bayou_lagoon_a, moated_statue, chequers_mini_garden,
          st_stairs_8, skrybe_limestone_x, minmay_circle_x
Temple:   dpeg_three_leaves_temple

Skill      XL: |  1  2  3  4  5 |
---------------+----------------+-----
Armour         | 4 |  4.9
Fighting       | 4 |  4.3
Shields        | 4 |  4.5
Long Blades    | 3 4 5 |  5.2
Dodging        | 1 |  1.2

Action                     |  1- 3 |  4- 6 || total
---------------------------+-------+-------++-------
  Melee: Long sword        |    88 |    88 ||   176
         Headbutt          |    15 |    14 ||    29
    Use: Potion            |     2 |     3 ||     5
         Scroll            |     1 |     2 ||     3
 Armour: Scale mail        |    10 |       ||    10
         Plate armour      |    57 |    73 ||   130
  Dodge: Dodged            |    35 |    38 ||    73
  Block: Buckler           |    30 |    35 ||    65
